 Dungeon Crawl Stone Soup version 0.26.1-11-gd32895ea62 (webtiles) character file.

Game seed: 13333268045793202456

23 mankey1987 the Skirmisher (level 2, 0/32 HPs)
             Began as an Ogre Berserker on May 30, 2021.
             Was a Follower of Trog.
             Slain by a frilled lizard (3 damage)
             ... on level 1 of the Dungeon.
             The game lasted 00:00:59 (712 turns).

mankey1987 the Skirmisher (Ogre Berserker)           Turns: 712, Time: 00:01:00

Health: 0/32       AC:  3    Str: 20    XL:     2   Next: 95%
Magic:  2/2        EV: 11    Int:  8    God:    Trog [*.....]
Gold:   41         SH:  0    Dex: 10    Spells: 1/1 levels left

rFire    . . .     SeeInvis .   a - +0 mace
rCold    . . .     Faith    .   (no shield)
rNeg     . . .     Spirit   .   b - +0 animal skin
rPois    .         Reflect  .   (helmet restricted)
rElec    .         Harm     .   (no cloak)
rCorr    .         Rampage  .   (gloves unavailable)
Will     .....     Clarity  +   (boots unavailable)
Stlth    +.........             (no amulet)
HPRegen  0.10/turn              (no ring)
MPRegen  0.08/turn              (no ring)

@: brilliant, berserk cooldown, slowed, very slow
A: large, unfitting armour, agile 1, clarity, screaming 1, tough skin 1,
MP-powered wands
a: Renounce Religion, Berserk


You were on level 1 of the Dungeon.
You worshipped Trog.
Trog was aware of your devotion.
You visited 1 branch of the dungeon, and saw 1 of its levels.

You collected 41 gold pieces.

Inventory:

Hand Weapons
 a - a +0 mace (weapon)
Armour
 b - a +0 animal skin (worn)
Scrolls
 d - a scroll of remove curse {unknown}
 f - a scroll of fear {unknown}
Potions
 c - 2 potions of mutation


   Skills:
 - Level 4.0 Fighting
 - Level 2.6 Maces & Flails
 + Level 3.7 Dodging


You had one spell level left.
You didn't know any spells.
Your spell library was empty.

Dungeon Overview and Level Annotations

Branches:
Dungeon (1/15)

Altars:


Innate Abilities, Weirdness & Mutations

You are too large for most types of armour.
You have tough skin. (AC +1)
You are agile. (Dex +2)
You possess an exceptional clarity of mind.
You occasionally shout uncontrollably at your foes.
You expend magic power (3 MP) to strengthen your wands.


Message History

The frilled lizard bites you but does no damage.
The jackal bites you.
* * * LOW HITPOINT WARNING * * *
The jackal barely misses you.
It was a potion of brilliance.
You feel clever all of a sudden. The jackal misses you.
The frilled lizard misses you.
The jackal barely misses you. x2; The frilled lizard bites you.
* * * LOW HITPOINT WARNING * * *
The jackal barely misses you.
Okay, then.
You closely miss the jackal.
The jackal is almost dead.
A bat comes into view.
The jackal bites you but does no damage.
The jackal barely misses you. The frilled lizard bites you.
* * * LOW HITPOINT WARNING * * *
The jackal bites you but does no damage.
The jackal closely misses you. The frilled lizard bites you.
You die...

######.#.#
#....#.#...
#.#.##.###.#
#........#.#
#.#..#.#.#.##.#
####..#........#
#..b......#.####
##(#h######.#
#.#@l......# #
##h####### ....
######


You could see 2 jackals, a bat and a frilled lizard.

Vanquished Creatures
  An ooze (D:1)
  4 giant cockroaches (D:1)
  2 hobgoblins (D:1)
  2 jackals (D:1)
  A ball python (D:1)
  2 bats (D:1)
  A frilled lizard (D:1)
  3 kobolds (D:1)
  A rat (D:1)
17 creatures vanquished.

Notes
Turn   | Place    | Note
-------+----------+-------------------------------------------
     0 | D:1      | mankey1987 the Ogre Berserker began the quest for the Orb.
     0 | D:1      | Reached XP level 1. HP: 24/24 MP: 1/1
   256 | D:1      | Reached XP level 2. HP: 32/32 MP: 2/2
   710 | D:1      | Gained mutation: You are agile. (Dex +2) [potion of
                  | mutation]
   710 | D:1      | Gained mutation: You occasionally shout uncontrollably at
                  | your foes. [potion of mutation]
   710 | D:1      | Gained mutation: You possess an exceptional clarity of
                  | mind. [potion of mutation]
   710 | D:1      | Gained mutation: You expend magic power (3 MP) to
                  | strengthen your wands. [potion of mutation]
   712 | D:1      | Slain by a frilled lizard

Illustrated notes

Levels and vault maps discovered:
D:1:      giann_bridges, layout_basic

Skill      XL: |  1 |
---------------+----+-----
Dodging        | 3 |  3.7
Fighting       | |  4.0
Maces & Flails | |  2.6

Action                   || total
-------------------------++-------
Melee: Mace              ||    71
Invok: Berserk           ||     1
  Use: Potion            ||     2
Armor: Animal skin       ||    49
Dodge: Dodged            ||    94
